 Dungeon Crawl Stone Soup version 0.17.0-24-gcfadda4 (webtiles) character file.

5305 dorian the Arsonist (level 10, -12/56 HPs)
             Began as an Octopode Fire Elementalist on Nov 16, 2015.
             Was a Priest of Vehumet.
             Mangled by a troll (17 damage)
             ... on level 9 of the Dungeon.
             The game lasted 00:30:45 (12019 turns).

dorian the Arsonist (Octopode Fire Elementalist)   Turns: 12019, Time: 00:30:45

Health: -12/56     AC:  1    Str:  8    XL:     10   Next: 64%
Magic:  8/13       EV: 12    Int: 21    God:    Vehumet [***...]
Gold:   507        SH:  0    Dex: 12    Spells: 4 memorised, 3 levels left

rFire  . . .     SeeInvis +     x - staff of energy
rCold  + . .     Clarity  .     (no shield)
rNeg   . . .     SustAt   .     (helmet restricted)
rPois  .         Gourm    .     y - amulet of regeneration
rElec  .         Spirit   .     m - ring of see invisible
rCorr  .         Warding  .     H - ring of protection from cold
rMut   .         Stasis   .     (no ring)
MR     .....                    (no ring)
Stlth  +++.......               (no ring)
                                (no ring)
                                (no ring)
                                (no ring)

@: not resistant to hostile enchantments, fairly stealthy
A: almost no armour, amphibious, 8 rings, constrict 8, camouflage 1, gelatinous
body 1
a: Renounce Religion


You were on level 9 of the Dungeon.
You worshipped Vehumet.
Vehumet was most pleased with you.
You were near starving.

You visited 1 branch of the dungeon, and saw 9 of its levels.

You collected 507 gold pieces.

Inventory:

Hand Weapons
 p - a +2 falchion of slicing
Magical Staves
 x - an uncursed staff of energy (weapon)
Jewellery
 h - an uncursed amulet of resist corrosion
 m - a ring of see invisible (left tentacle)
 y - an amulet of regeneration (around mantle)
 H - a ring of protection from cold (right tentacle)
Wands
 f - a wand of frost (13)
 g - a wand of enslavement (0)
 B - a wand of polymorph (2)
Scrolls
 i - 4 scrolls of identify
 j - 2 scrolls of enchant armour {unknown}
 k - a scroll of random uselessness
 n - 2 scrolls of recharging
 o - 3 scrolls of enchant weapon
 s - 3 scrolls of remove curse
 v - 2 scrolls of amnesia {unknown}
 G - a scroll of immolation {unknown}
 I - a scroll of fog
Potions
 d - a potion of lignification
 e - a potion of magic
 l - a potion of berserk rage
 q - a potion of haste
 r - a potion of cure mutation
 t - a potion of resistance {unknown}
 u - a potion of heal wounds {unknown}
 w - 4 potions of curing
 A - 2 potions of brilliance
 C - a potion of flight {unknown}
 D - a potion of degeneration {unknown}
 E - a potion of poison {unknown}
Books
 a - a book of Flames

   Spells                             Type                      Level
   a - Flame Tongue                   Conjuration/Fire             1
   b - Throw Flame                    Conjuration/Fire             2
   c - Conjure Flame                  Conjuration/Fire             3
   d - Inner Flame                    Hexes/Fire                   3
   e - Sticky Flame                   Conjuration/Fire             4
   f - Fireball                       Conjuration/Fire             5
 c - a book of Spatial Translocations

   Spells                             Type                      Level
   a - Apportation                    Translocation                1
   b - Blink                          Translocation                2
   c - Shroud of Golubria             Charms/Translocation         2
   d - Portal Projectile              Translocation                3
   e - Teleport Other                 Translocation                3
   f - Passage of Golubria            Translocation                4
 z - a book of Clouds

   Spells                             Type                      Level
   a - Mephitic Cloud                 Conjuration/Poison/Air       3
   b - Conjure Flame                  Conjuration/Fire             3
   c - Poisonous Cloud                Conjuration/Poison/Air       6
   d - Freezing Cloud                 Conjuration/Ice/Air          6
   e - Ring of Flames                 Charms/Fire                  7
Comestibles
 b - 2 bread rations
 F - 3 meat rations
 J - 3 chunks of flesh


   Skills:
 - Level 2.0 Dodging
 - Level 2.6 Stealth
 - Level 2.0 Spellcasting
 + Level 10.9 Conjurations
 + Level 11.2 Fire Magic


You had 3 spell levels left.
You knew the following spells:

 Your Spells              Type           Power        Failure   Level  Hunger
a - Flame Tongue          Conj/Fire      #####        1%          1    None
b - Sticky Flame          Conj/Fire      #####...     1%          4    None
c - Blink                 Tloc           N/A          21%         2    None
d - Mephitic Cloud        Conj/Pois/Air  ###.....     3%          3    None


Dungeon Overview and Level Annotations

Branches:
Dungeon (9/15)             Temple (0/1) D:5            Lair (0/8) D:8
    Orc: D:9-12

Altars:
Cheibriados
Dithmenos
Okawaru
Ru
Trog
Vehumet
Xom
Yredelemnul
Zin

Shops:
D:9 (


Innate Abilities, Weirdness & Mutations

You cannot wear most types of armour.
You are amphibious.
You can wear up to eight rings at the same time.
You can use your tentacles to constrict eight enemies at once.
Your skin changes colour to match your surroundings (Stealth).
Your rubbery body absorbs attacks (AC +1).


Message History

Aim: a troll (heavily wounded, covered in liquid flames)
The flame tongue misses the troll.
The flame tongue misses the hungry ghost.
The troll burns!
The troll completely misses you. The troll completely misses you.
The troll misses you.
Casting: Flame Tongue
Confirm with . or Enter, or press ? or * to list all spells.
Aiming: Flame Tongue
Press: ? - help, Shift-Dir - straight line, f/p - troll
Aim: a troll (heavily wounded, covered in liquid flames)
The flame tongue hits the troll.
The troll appears unharmed.
The troll is heavily wounded.
The troll burns!
The troll bites you! The troll misses you. The troll claws you!
* * * LOW HITPOINT WARNING * * *
The hungry ghost hits you.
* * * LOW HITPOINT WARNING * * *
You feel somewhat more hungry.
The troll burns!
The troll bites you!
You die...

......#...#
#.......#...#....#..
......'...#
#.......#...#....#..
......#...#
#.......#...#....'..
......#####
#..#..#####'#....###
'#........
####'##......†......
.#........
#...#.............
.#.........
#...#.............
.#.........
#...#.............
.#.....####
#@TW#.............
.#.....#
#...#.............
##.....#
########.............
####+###
#.........###########
#.........# #
#.........#
#.....>...#
#.........#
#.........#


You could see a troll (burning) and a hungry ghost.

Vanquished Creatures
  An orb spider (shapeshifter) (D:7)
  Grinder (D:6)
  Prince Ribbit (D:5)
  4 yaks (D:9)
  3 hippogriffs
  Duvessa (D:5)
  A water moccasin (D:9)
  2 black bears
  3 centaurs
  2 phantoms
  3 giant frogs
  Blork the orc (D:6)
  3 ogres
  3 big kobolds
  Dowan (D:5)
  A wyvern skeleton (D:7)
  A killer bee (D:7)
  3 scorpions
  5 wights
  3 jellies
  5 crimson imps
  2 quasits
  2 electric eels
  2 centaur skeletons (D:8)
  A giant frog zombie (D:7)
  4 hounds
  4 orc wizards
  A giant frog skeleton (D:5)
  7 orc priests
  A centaur zombie (D:9)
  An iguana (D:7)
  5 worker ants
  A hound zombie (D:6)
  2 hound skeletons
  A worker ant zombie (D:6)
  7 gnolls
  12 adders
  2 shadow imps
  An ooze (D:5)
  2 adder skeletons
  An adder zombie (D:8)
  2 worms (D:3)
  36 orcs
  3 ball pythons
  3 giant cockroaches
  5 goblins
  5 hobgoblins
  22 jackals
  5 bats
  10 giant geckos
  10 giant newts
  A jackal zombie (D:7)
  21 kobolds
  5 quokkas
  8 rats
243 creatures vanquished.

Vanquished Creatures (collateral kills)
  An orc (D:7)
  A kobold (D:7)
2 creatures vanquished.

Vanquished Creatures (others)
  2 orc warriors (D:7)
  A worker ant (D:7)
  2 adders (D:7)
  An orc (D:7)
6 creatures vanquished.

Grand Total: 251 creatures vanquished

Notes
Turn   | Place    | Note
--------------------------------------------------------------
     0 | D:1      | dorian the Octopode Fire Elementalist began the quest for the Orb.
     0 | D:1      | Reached XP level 1. HP: 11/11 MP: 3/3
   199 | D:1      | Reached XP level 2. HP: 17/17 MP: 0/5
   405 | D:1      | Found a snail-covered altar of Cheibriados.
   431 | D:1      | Reached XP level 3. HP: 13/21 MP: 0/6
   947 | D:2      | Found a sacrificial altar of Ru.
  1016 | D:2      | Reached XP level 4. HP: 27/27 MP: 5/7
  1366 | D:3      | Reached skill level 4 in Fire Magic
  1661 | D:3      | Found a radiant altar of Vehumet.
  1735 | D:3      | Became a worshipper of Vehumet
  1882 | D:3      | Reached XP level 5. HP: 31/31 MP: 5/8
  2771 | D:3      | Reached skill level 5 in Fire Magic
  2835 | D:3      | Reached * piety under Vehumet
  2835 | D:3      | Offered knowledge of Magic Dart by Vehumet.
  2835 | D:3      | Reached XP level 6. HP: 32/36 MP: 5/9
  2866 | D:3      | Learned a level 4 spell: Sticky Flame
  3425 | D:4      | Found a glowing silver altar of Zin.
  3425 | D:4      | Found an iron altar of Okawaru.
  3924 | D:5      | Entered Level 5 of the Dungeon
  3930 | D:5      | Reached XP level 7. HP: 33/41 MP: 5/10
  3961 | D:4      | Reached skill level 6 in Fire Magic
  4266 | D:4      | Reached skill level 5 in Conjurations
  4441 | D:5      | Noticed Prince Ribbit
  4574 | D:5      | Reached ** piety under Vehumet
  4591 | D:5      | Offered knowledge of Sandblast by Vehumet.
  5040 | D:5      | Reached skill level 7 in Fire Magic
  5040 | D:5      | Reached XP level 8. HP: 28/46 MP: 0/11
  5149 | D:5      | Found a staircase to the Ecumenical Temple.
  5157 | D:5      | Noticed Duvessa
  5159 | D:5      | Noticed Dowan
  5319 | D:5      | Learned a level 2 spell: Blink
  5345 | D:5      | Killed Duvessa
  5600 | D:5      | Killed Dowan
  5786 | D:5      | Killed Prince Ribbit
  6137 | D:5      | Found a shadowy altar of Dithmenos.
  6455 | D:6      | Noticed Grinder
  6567 | D:6      | Noticed Blork the orc
  6578 | D:6      | Killed Blork the orc
  6578 | D:6      | Reached skill level 8 in Fire Magic
  7132 | D:7      | Found a basalt altar of Yredelemnul.
  7155 | D:7      | Reached XP level 9. HP: 46/51 MP: 7/12
  7694 | D:6      | Killed Grinder
  7694 | D:6      | Reached skill level 9 in Fire Magic
  8326 | D:7      | Found a shimmering altar of Xom.
  8866 | D:7      | Found a bloodstained altar of Trog.
  9018 | D:7      | Offered knowledge of Ignite Poison by Vehumet.
  9359 | D:8      | Learned a level 3 spell: Mephitic Cloud
  9376 | D:8      | Found a staircase to the Lair.
  9405 | D:8      | Reached *** piety under Vehumet
  9405 | D:8      | Reached skill level 10 in Fire Magic
  9880 | D:8      | Noticed a salamander
  9880 | D:8      | an eye of draining changed into a salamander
  9908 | D:7      | a salamander changed into a shapeshifter
  9908 | D:7      | Noticed an orb spider
  9908 | D:7      | a shapeshifter changed into an orb spider
  9915 | D:7      | Killed an orb spider
  9915 | D:7      | Reached skill level 10 in Conjurations
  9915 | D:7      | Reached XP level 10. HP: 27/56 MP: 2/13
 10627 | D:8      | Offered knowledge of Iskenderun's Mystic Blast by Vehumet.
 10915 | D:9      | Found Wakizephi's Weapon Boutique.
 11682 | D:9      | Reached skill level 11 in Fire Magic
 12019 | D:9      | Mangled by a troll

Action                   |  1- 3 |  4- 6 |  7- 9 | 10-12 || total
-------------------------+-------+-------+-------+-------++-------
Melee: Unarmed           |    14 |       |       |       ||    14
       Spear             |       |    19 |       |       ||    19
       Falchion          |       |     6 |    20 |       ||    26
       Staff             |       |       |    35 |     3 ||    38
 Cast: Flame Tongue      |    52 |   136 |   252 |   108 ||   548
       Sticky Flame      |       |       |    24 |    15 ||    39
Evoke: Wand              |       |       |     8 |     2 ||    10
  Use: Scroll            |       |     3 |     7 |     6 ||    16
       Potion            |       |       |     4 |       ||     4
 Stab: Sleeping          |     1 |     1 |       |       ||     2
  Eat: Chunk             |     1 |    11 |    11 |     3 ||    26
       Beef jerky        |       |       |     1 |     1 ||     2
       Pizza             |       |       |     1 |       ||     1
       Fruit             |       |       |     2 |       ||     2
       Royal jelly       |       |       |     1 |       ||     1
       Meat ration       |       |       |       |     1 ||     1
